Unix NetHack Version 5.0.0-0 post-release - last build Jun 10 2026 00:39:30 (3ee93aec679c4c4259841fe613dc97188e26a321,branch:main).

Game began 2026-07-04 22:06:30, ended 2026-07-04 22:27:33.

HomunculusP, lawful female human Samurai

                                                                     -------
                     ------------       --------            #########.>....|
     -----           |..........|       |......|                     |.....|
     |...|           |..........|       |......|                     |.....|
     |.>.-######     |..........|      #-.....`|##############       --|----
     |...|     ###   |..........|   ####|.......####  -.-----|-        #
     --+--       ####............####   -.------######........-#       #
      ##             |..........|################     |..<....|##      #
      #              ------------#                    |.......| #      ##
      #                        ###                    --------- #       #
     ##                                                         #   ----.---
    -|---                                                       ####|......|
    |.@.|                                                          #|......|
    |%!!|                                                          #.......|
    |?m@|                                                           |......|
    -----                                                           |......|
                                                                    |......|
                                                                    --------

HomunculusP the Ronin  St:17 Dx:18 Co:12 In:8 Wi:8 Ch:7  Lawful
Dlvl:3  $:11 HP:0(33) Pw:13(13) AC:3  Xp:3 T:1666  Stressed

Latest messages:
 You can hear again.
 You faint from lack of food.
 You regain consciousness.
 You can hear again.
 You hit the gas spore!
 You hit the gas spore.
 You faint from lack of food.
 You regain consciousness.
 You kill the gas spore!
 You are caught in the gas spore's explosion!
 You can hear again.
 You feel strong!
 You must have been exercising diligently.
 What do you want to eat? [qvxCE or ?*] q
 This cram ration is bland.
 You finish eating the cram ration.
 What do you want to eat? [vxCE or ?*] v
 This cram ration is bland.
 You finish eating the cram ration.
 You don't have enough stamina to move.
 You don't have enough stamina to move.
 You don't have enough stamina to move.
 You materialize in a different location!
 You materialize in a different location!
 You hear the footsteps of a guard on patrol.
 You materialize in a different location!
 "Irasshaimase, HomunculusP!  Welcome to Abitibi's general store!"
 You see here a murky potion (for sale, 300 zorkmids).
 You see here a slime mold (for sale, 26 zorkmids).
 You hear someone cursing shoplifters.
 You find a hidden door.
 "Irasshaimase, HomunculusP!  Welcome again to Abitibi's general store!"
 You do not owe Abitibi anything.
 You do not owe Abitibi anything.
 You see here an emerald potion (for sale, 450 zorkmids).
 You see here a melon (for sale, 15 zorkmids).
 That granite ring is a small mimic!
 The small mimic hits!
 You hit the small mimic!
 The small mimic hits!
 You hit the small mimic.
 The small mimic hits!
 You don't have enough stamina to move.
 The small mimic hits!
 You don't have enough stamina to move.
 The small mimic hits!
 You die...
 Abitibi gratefully inherits all your possessions.
 Do you want to see what you had when you died? [ynq] (y) y
 Do you want to see your attributes? [ynq] (y) q

Inventory:
 Coins    ('$')
  $ - 11 gold pieces
 Weapons  (')')
  k - 6 blessed +0 arrows
  j - 28 +0 arrows
  d - 42 +0 ya
  c - a +0 yumi
  f - a +0 dagger
  z - a +0 dwarvish spear
  a - a +0 katana (weapon in right hand)
  l - a cursed +3 mace
  b - a +0 wakizashi (alternate weapon; not wielded)
 Armor    ('[')
  h - an uncursed +0 orcish helm (being worn)
  e - an uncursed rustproof +0 splint mail (being worn)
 Comestibles  ('%')
  E - 3 uncursed gunyoki
  C - a cursed gunyoki
  x - an uncursed tin of spinach
 Potions  ('!')
  g - an uncursed potion of healing
 Rings    ('=')
  B - an uncursed ring of shock resistance (on left hand)
  s - a cursed ring of teleportation (on right hand)
 Wands    ('/')
  i - a wand of cold (0:4)
 Tools    ('(')
  F - an uncursed locked large box containing 5 items
 Gems/Stones  ('*')
  m - a cursed jet stone
  A - 2 uncursed opals
  n - a cursed worthless piece of green glass
  o - 2 cursed worthless pieces of red glass
  t - an uncursed worthless piece of white glass

Contents of the large box:
  a cursed scroll of identify
  an uncursed scroll of light
  an uncursed potion of acid
  an uncursed potion of sleeping
  an uncursed worthless piece of red glass

HomunculusP the Samurai's attributes:

Background:
 You were a Ronin, a level 3 female human Samurai.
 You were lawful, nominally on a mission for Amaterasu Omikami
 who was opposed by Raijin (neutral) and Susanowo (chaotic).
 You were right-handed.
 You were in the Dungeons of Doom, on level 3.
 You entered the dungeon 1666 turns ago.
 It was nighttime.
 You had 69 experience points, 11 more were needed to attain level 4.

Basics:
 You had 0 out of 33 hit points.
 You had all 13 energy points (spell power).
 Your armor class was 3.
 Your wallet contained 11 zorkmids.
 Autopickup was off.

Final Characteristics:
 Your strength was 17 (limit:18/100).
 Your dexterity was 18 (limit:18).
 Your constitution was 12 (peak:18, limit:18).
 Your intelligence was 8 (limit:18).
 Your wisdom was 8 (limit:18).
 Your charisma was 7 (limit:18).

Final Status:
 You weren't hungry.
 You were stressed; movement was moderately slowed.
 You were wielding a long sword.
 You had basic skill with long sword.

Final Attributes:
 You were devoutly aligned.
 You were shock resistant.
 Your items were protected from electric shocks.
 You were telepathic.
 You could teleport.
 You were warded.
 Your spell casting was impaired by metallic armor.
 You were fast.
 You are dead.

Miscellaneous:
 You didn't encounter any bones levels.
 Total elapsed playing time was 21 minutes and 2 seconds.

Major events:
 Turn
    1: HomunculusP the lawful female human Samurai entered the dungeon
  748: attained the rank of Ronin (level 3)
 1666: killed by a small mimic

Spells:
 Name                 Level Category     Fail Retention
 fireball               4   attack       100%  76%-100%

Skills:
 Fighting Skills
   martial arts      [Basic]
   two weapon combat [Unskilled]
   riding            [Unskilled]
 Weapon Skills
   dagger            [Unskilled]
   knife             [Unskilled]
   short sword       [Basic]
   broadsword        [Unskilled]
   long sword        [Basic]
   two-handed sword  [Unskilled]
   saber             [Unskilled]
   flail             [Unskilled]
   quarterstaff      [Unskilled]
   polearms          [Unskilled]
   spear             [Unskilled]
   lance             [Unskilled]
   bow               [Basic]
   shuriken          [Unskilled]
 Spellcasting Skills
   attack spells     [Unskilled]
   divination spells [Unskilled]
   clerical spells   [Unskilled]

Voluntary challenges:
 Character rerolling was not enabled.
 You were an atheist.
 You never genocided any monsters.
 You never polymorphed an object.
 You never changed form.
 You used no wishes.
Achievements:
 You attained the rank of Ronin.
 You entered a shop.

 The Dungeons of Doom: levels 1 to 3
    Level 1:
    Level 2:
    Level 3: <- You were here.
       A general store.
       Final resting place for
          you, killed by a small mimic.


Vanquished creatures:
  a little dog
  a floating eye
  a kobold leader
 an acid blob
  a gas spore
  a gecko
  2 jackals
  3 foxes
  a goblin
  3 grid bugs
  2 lichens
  a kobold zombie
  3 newts
21 creatures vanquished.

No species were genocided or became extinct.

Game over:
                       ----------
                      /          \
                     /    REST    \
                    /      IN      \
                   /     PEACE      \
                  /                  \
                  |   HomunculusP    |
                  |      11 Au       |
                  |   killed by a    |
                  |   small mimic    |
                  |                  |
                  |                  |
                  |       2026       |
                 *|     *  *  *      | *
        _________)/\\_//(\/(/\)/\//\/|_)_______

Sayonara HomunculusP the Samurai...

You died in The Dungeons of Doom on dungeon level 3 with 426 points,
and 11 pieces of gold, after 1666 moves.
You were level 3 with a maximum of 33 hit points when you died.

